[Event "Mitropa Cup Open 2024"]
[Site "Apolda"]
[Date "2024.02.18"]
[Round "4.6"]
[White "David, Alberto"]
[Black "Juhasz, Agoston"]
[Result "1/2-1/2"]
[ECO "B50"]
[WhiteElo "2525"]
[BlackElo "2410"]
[Annotator "TA"]
[PlyCount "104"]
[EventDate "2024.02.15"]
[EventType "team-tourn"]
[EventCountry "GER"]
[SourceTitle "playchess.com"]
[Source "ChessBase"]
[SourceQuality "1"]
[WhiteTeam "Italy"]
[BlackTeam "Hungary"]
[WhiteTeamCountry "ITA"]
[BlackTeamCountry "HUN"]
[TimeControl "40/5400+30:1800+30"]

1. e4 c5 2. Nf3 d6 3. Bc4 Nf6 4. d3 Nc6 5. O-O e6 6. Re1 Be7 7. c3 O-O 8. Bb3 b5 9. d4 {[%emt 0:11:01] B50: Sicilian: 2...d6, Miscellaneous.} Bb7 10. Nbd2 cxd4 11. cxd4 a5 12. Bc2 $146 ({Predecessor:} 12. a3 Rc8 13. Bc2 a4 14. Nb1 d5 15. e5 Ne4 16. Nbd2 Nxd2 17. Bxd2 Na5 18. Qb1 {0-1 Mohammadi,H (2250)-Neelotpal,D (2406) Asia-ch 4th Doha 2003 (2)}) 12... Qc7 13. Bb1 Rfc8 14. a3 a4 15. b4 axb3 16. Nxb3 d5 17. e5 Ne4 $1 18. Bxe4 dxe4 19. Ng5 Na5 20. Nxa5 Qxa5 21. Nxe4 b4 22. Bg5 $2 (22. Nd6 $17 {was called for.} Bxd6 23. exd6) 22... Bxg5 $19 23. Nxg5 h6 (23... bxa3 24. Qh5 Qd5 25. Qxf7+ (25. Qxh7+ Kf8 $16) 25... Kh8 26. Re4 $11) 24. Nh3 bxa3 25. Nf4 Qa4 26. Qd3 a2 27. h4 Qc2 28. Qg3 Qc3 (28... Ra4 $142 29. Nh5 Qg6 (29... Rxd4 30. Qxg7#) 30. Qxg6 fxg6) 29. Qxc3 $19 Rxc3 30. Re2 Rca3 $1 31. f3 R8a4 32. Rd2 Ba6 33. Kf2 Bc4 34. Rb2 Bb3 35. Ne2 Bd5 36. Nf4 Bb3 (36... Rxd4 37. Nxd5 Rxd5 (37... exd5 38. Raxa2 $11) 38. Rbxa2 Rxa2+ 39. Rxa2 $17) 37. Ne2 g6 38. Nc3 Rxd4 39. Nb5 {[%emt 0:01:30] [#]} Rd1 $1 (39... Rda4 40. Nxa3 Rxa3 41. Rxb3 Rxb3 42. Rxa2) 40. Rxb3 (40. Nxa3 $2 Rxa1 41. Nc2 Rb1 $19) 40... Rxb3 (40... Rxa1 41. Rxa3 (41. Nxa3 $2 Rc1 $19) 41... Rb1 42. Rxa2 Rxb5 43. f4 $17) 41. Rxd1 Rb1 (41... Rxb5 42. Rd8+ Kg7 43. Ra8) 42. Rd8+ {[%emt 0:00:00] [#]} Kg7 $2 (42... Kh7 $1 $19 {( -> ...Rb2+)} 43. Ra8 a1=Q (43... a1=B 44. Nd6 $11) (43... a1=R $2 44. Rxa1 Rxa1 45. Nd6 $19) 44. Rxa1 Rxa1) 43. Nc7 $11 f5 (43... a1=B 44. Ne8+ Kh7 45. Nf6+ Kg7 46. Rg8#) 44. Ne8+ (44. Nxe6+ Kf7 45. Ra8 a1=R (45... a1=B 46. Nd8+ Ke7 47. f4 $16) (45... a1=Q $2 46. Rxa1 Rxa1 47. Nf4 $17) 46. Rxa1 Rxa1 $19) 44... Kf7 45. Nf6 $1 (45. Nd6+ Ke7 46. Ra8 a1=Q (46... a1=B 47. Ra7+ Kd8 48. Rg7 $14) 47. Rxa1 Rxa1 $19) 45... Rb2+ 46. Kg3 f4+ (46... a1=Q $5 47. Rd7+ $8 Kf8 48. Nh7+ Ke8 49. Nf6+ Kf8 50. Nh7+ Ke8 51. Nf6+ Kf8 $11) 47. Kh3 a1=Q 48. Rd7+ Kf8 49. Nh7+ $1 Ke8 50. Nf6+ Kf8 51. Nh7+ $1 Ke8 52. Nf6+ Kf8 1/2-1/2

[Event "Mitropa Cup Open 2024"]
[Site "Apolda"]
[Date "2024.02.18"]
[Round "4.7"]
[White "Vanczak, Tamas"]
[Black "Carnicelli, Valerio"]
[Result "1/2-1/2"]
[ECO "B48"]
[WhiteElo "2431"]
[BlackElo "2427"]
[Annotator "RC"]
[PlyCount "135"]
[EventDate "2024.02.15"]
[EventType "team-tourn"]
[EventCountry "GER"]
[SourceTitle "playchess.com"]
[Source "ChessBase"]
[SourceQuality "1"]
[WhiteTeam "Hungary"]
[BlackTeam "Italy"]
[WhiteTeamCountry "HUN"]
[BlackTeamCountry "ITA"]
[TimeControl "40/5400+30:1800+30"]

1. e4 c5 2. Nf3 e6 3. d4 cxd4 4. Nxd4 Nc6 5. Nc3 Qc7 6. Be3 a6 7. Qf3 b5 8. Qg3 Qxg3 9. hxg3 Bb7 10. Nb3 Nf6 11. f3 d5 12. exd5 Nb4 13. O-O-O Nfxd5 14. Nxd5 Bxd5 15. Kb1 f6 16. c3 Nc6 17. Bd3 Kf7 18. g4 Rd8 19. Nc5 Ne5 20. Bc2 Nc4 21. Bd4 a5 22. Ne4 Be7 23. Ng3 h6 24. Nh5 Bd6 25. Rhe1 Bc7 26. Bd3 a4 27. a3 Rd7 28. Re2 Rhd8 29. f4 e5 30. fxe5 Bxe5 31. Rf1 Be6 32. Bf5 Bxf5+ 33. Rxf5 Bxd4 34. cxd4 Rd5 35. g3 Rxf5 36. gxf5 Rxd4 37. Nf4 Re4 38. Kc2 Rxe2+ 39. Nxe2 Ne3+ 40. Kc3 Nxf5 41. Kb4 Nd6 42. Kc5 Ke7 43. g4 Nc4 44. Kxb5 Nxb2 45. Nf4 g5 46. Nh5 Ke6 47. Kb4 Ke5 48. Kc3 Nd1+ 49. Kb4 Ne3 50. Kxa4 Nxg4 51. Kb5 Ne3 52. a4 Nd5 53. Kc5 f5 54. a5 Nc7 55. Kc6 Na6 56. Kb6 Nb4 57. Kc5 Nd3+ 58. Kb6 Nb4 59. Kc5 Nd5 60. a6 f4 61. a7 Nc7 62. Kc6 Na8 63. Kb7 Kd6 64. Kxa8 Kc7 65. Nf6 f3 66. Nd5+ Kc8 67. Nb6+ Kc7 68. Nd5+ 1/2-1/2

[Event "Mitropa Cup Open 2024"]
[Site "Apolda"]
[Date "2024.02.18"]
[Round "4.8"]
[White "Perossa, Nicolas"]
[Black "Karacsonyi, Gellert"]
[Result "1-0"]
[ECO "C13"]
[WhiteElo "2277"]
[BlackElo "2398"]
[Annotator "RC"]
[PlyCount "183"]
[EventDate "2024.02.15"]
[EventType "team-tourn"]
[EventCountry "GER"]
[SourceTitle "playchess.com"]
[Source "ChessBase"]
[SourceQuality "1"]
[WhiteTeam "Italy"]
[BlackTeam "Hungary"]
[WhiteTeamCountry "ITA"]
[BlackTeamCountry "HUN"]
[TimeControl "40/5400+30:1800+30"]

1. e4 e6 2. d4 d5 3. Nc3 Nf6 4. Bg5 dxe4 5. Nxe4 Be7 6. Bxf6 gxf6 7. Nf3 f5 8. Nc3 a6 9. g3 b5 10. Bg2 Bb7 11. O-O O-O 12. Qe2 b4 13. Na4 Bc6 14. Nc5 Bxc5 15. dxc5 Bb5 16. Qe3 Bxf1 17. Rxf1 c6 18. Ne5 Qe7 19. Rd1 Rd8 20. Rd6 Rxd6 21. cxd6 Qxd6 22. Qg5+ Kf8 23. Qf6 Ra7 24. Qh8+ Ke7 25. Qxb8 Qxb8 26. Nxc6+ Kd6 27. Nxb8 a5 28. Nc6 Ra6 29. Nd4 a4 30. Kf1 Kc5 31. Nf3 f6 32. Ke2 Rd6 33. Nd2 Kd4 34. Nf3+ Kc5 35. Nd2 Kd4 36. Bf1 Rc6 37. Kd1 Rd6 38. Bd3 Kc5 39. g4 Rd5 40. gxf5 exf5 41. Nf1 f4 42. Nd2 Rh5 43. Nf3 h6 44. Kd2 Rd5 45. Ke2 Rd8 46. Kd2 Rg8 47. h3 Rg7 48. h4 Rd7 49. c3 Rg7 50. cxb4+ Kxb4 51. Nd4 Rg2 52. Ke2 Rg1 53. b3 a3 54. Kd2 Rg2 55. Nc2+ Kc5 56. Ke2 Rh2 57. Nxa3 Rxh4 58. Kf3 Rh3+ 59. Ke2 Kb4 60. Nc2+ Kc3 61. Bg6 Rh1 62. Ne1 Rg1 63. Bf7 Rg7 64. Bc4 h5 65. Nf3 Rh7 66. Nh4 Rg7 67. Kf3 Kb4 68. a4 Rg1 69. Ng2 Ka5 70. Be6 Kb4 71. Nxf4 h4 72. Nh3 Rg7 73. Kf4 Rg6 74. Kf5 Rh6 75. Kg4 Ka5 76. Nf4 f5+ 77. Kh3 Kb4 78. Bc4 Rh7 79. Nd5+ Kc5 80. a5 Rh8 81. a6 Rh7 82. Nf6 Rg7 83. Kxh4 Kb6 84. Nd5+ Ka7 85. Ne3 f4 86. Nd5 Rg2 87. f3 Rg3 88. Be2 Rg2 89. Nxf4 Rg1 90. Bc4 Kb6 91. Kh3 Rg7 92. Ne6 1-0

[Event "Mitropa Cup Open 2024"]
[Site "Apolda"]
[Date "2024.02.18"]
[Round "4.9"]
[White "Baidetskyi, Valentin"]
[Black "Vykouk, Jan"]
[Result "1/2-1/2"]
[ECO "B76"]
[WhiteElo "2499"]
[BlackElo "2493"]
[Annotator "TA"]
[PlyCount "60"]
[EventDate "2024.02.15"]
[EventType "team-tourn"]
[EventCountry "GER"]
[SourceTitle "playchess.com"]
[Source "ChessBase"]
[SourceQuality "1"]
[WhiteTeam "Austria"]
[BlackTeam "Czech Republic"]
[WhiteTeamCountry "AUT"]
[BlackTeamCountry "CZE"]
[TimeControl "40/5400+30:1800+30"]

1. e4 c5 2. Nf3 d6 3. d4 cxd4 4. Nxd4 Nf6 5. Nc3 g6 6. Be3 Bg7 7. f3 O-O 8. Qd2 Nc6 9. O-O-O d5 10. exd5 Nxd5 11. Nxc6 bxc6 12. Bd4 e5 13. Bc5 Re8 14. Ne4 Qc7 15. h4 h6 16. h5 {[%emt 0:18:25] White is better.} g5 17. Bc4 Be6 18. g4 Red8 19. Qf2 {[%emt 0:02:20] White has more active pieces.} Qa5 20. Rd3 Qa4 (20... Nf4 $14 21. Ra3 Qc7 22. Bxe6 (22. Rxa7 Rxa7 23. Bxe6 Nxe6 $11) 22... Nxe6) 21. Bb3 $16 Qa6 22. Rhd1 $36 {[%emt 0:00:54][%mdl 2048] [#] Black must now prevent c4. White has strong initiative.} Rdb8 23. Bd6 Re8 24. R3d2 Qb6 25. Bc5 Qa5 26. Kb1 Rab8 (26... Nf4 $16 27. Bxe6 Nxe6) 27. Bd6 $18 (27. Bxa7 Rxb3 28. cxb3 (28. axb3 $2 Ra8 $17) 28... Ra8 $15) 27... Rbd8 28. Bc5 Rb8 $1 29. Bd6 ({Inferior is} 29. Bxa7 Rxb3 30. cxb3 (30. axb3 $2 {is the wrong capture.} Ra8 $17) 30... Ra8 $11) 29... Rbd8 30. Bc5 Rb8 $1 {Weighted Error Value: White=0.37/Black=0.13 (very precise) .  Mistake:       	---       	Black=2      Inaccurate:     	White=1     	Black=2      OK:         	White=8     	Black=7      Best:        	White=1     	---        Strong:       	---       	Black=2} 1/2-1/2

[Event "Mitropa Cup Open 2024"]
[Site "Apolda"]
[Date "2024.02.18"]
[Round "4.10"]
[White "Stalmach, Richard"]
[Black "Peyrer, Konstantin"]
[Result "1-0"]
[ECO "D37"]
[WhiteElo "2433"]
[BlackElo "2439"]
[Annotator "TA"]
[PlyCount "87"]
[EventDate "2024.02.15"]
[EventType "team-tourn"]
[EventCountry "GER"]
[SourceTitle "playchess.com"]
[Source "ChessBase"]
[SourceQuality "1"]
[WhiteTeam "Czech Republic"]
[BlackTeam "Austria"]
[WhiteTeamCountry "CZE"]
[BlackTeamCountry "AUT"]
[TimeControl "40/5400+30:1800+30"]

1. d4 Nf6 2. c4 e6 3. Nf3 d5 4. Nc3 Nbd7 5. e3 b6 6. cxd5 exd5 7. Bb5 {[%emt 0:04:30][%cal Bf1b5,Bb5d3,Bd3f5][%mdl 32] Black must now prevent Ne5.} Bb7 8. Ne5 $1 Qc8 9. O-O {[%emt 0:10:03] White is slightly better.} c6 10. Bd3 Be7 11. f4 O-O 12. Qf3 Rd8 (12... b5 $11) 13. Bd2 $16 c5 14. Rac1 a6 15. Bf5 {[%emt 0:04:17] White is much more active.} c4 (15... Qc7 $142) 16. Nxd7 ({White should try} 16. Qh3 $16) 16... Rxd7 $14 17. g4 g6 18. Bxd7 Qxd7 19. g5 Ne4 20. Nxe4 dxe4 21. Qg2 Bd5 {[%emt 0:01:04] [#]} 22. f5 $1 gxf5 23. Qh3 Be6 {[%emt 0:03:16] [#]} 24. d5 Qxd5 $11 (24... Bxd5 $2 25. Bc3 (25. Qxf5 Rd8 $16) (25. Rxf5 $2 Be6 $19) 25... Qc6 26. Rcd1 $18 (26. Qxf5 Qe6 $18) (26. Rxf5 Rd8 $18)) 25. Bc3 {[%emt 0:00:14] Hoping for Qh6.} f4 $1 26. Qh6 {[%emt 0:00:39][%csl Gc3][%cal Rh6g7] Dancing on a razor blade.} Qxg5+ 27. Qxg5+ Bxg5 {[%emt 0:00:05] A strong pair of Bishops.} 28. exf4 Be7 29. f5 $36 {[%emt 0:01:37][%mdl 3072] White has compensation. White has the initiative.} Bc5+ 30. Kg2 $1 Bd5 31. Rf4 e3+ (31... h5 $1 $11) 32. Kf1 $16 Re8 33. Ke2 {[%emt 0:02:14] Strongly threatening Rd1.} Re4 (33... Kf8 $16) 34. Rg1+ ({Better is} 34. Rxe4 $18 Bxe4 35. Bd4 (35. Rg1+ Kf8 $11)) 34... Kf8 35. Rgg4 Rxf4 (35... Re8 $16 {keeps fighting.}) 36. Rxf4 {[%emt 0:00:46][%mdl 4096] Endgame. KRB-KB} Ke7 37. Bd4 Bxd4 38. Rxd4 $18 {[%emt 0:00:12] KR-KB} Kd6 (38... c3 {was necessary.} 39. bxc3 (39. Rxd5 $2 {loses.} c2 $19) 39... Bxa2 40. Kxe3 a5) 39. Kxe3 Ke5 40. Rh4 Kxf5 41. Kd4 (41. Rxh7 Ke5 42. h4 c3 43. bxc3 b5) 41... Be6 42. Rxh7 b5 43. a3 a5 44. Rh5+ {[%emt 0:00:15] Weighted Error Value: White=0.15 (very precise) /Black=0.31.  Mistake:       	White=3     	Black=6      Inaccurate:     	White=2     	Black=4      OK:         	White=19    	Black=13     Best:        	White=3     	Black=2      Strong:       	White=2     	Black=1} 1-0

[Event "Mitropa Cup Open 2024"]
[Site "Apolda"]
[Date "2024.02.18"]
[Round "4.11"]
[White "Morgunov, Marc"]
[Black "Gnojek, Petr"]
[Result "1-0"]
[ECO "B81"]
[WhiteElo "2368"]
[BlackElo "2428"]
[Annotator "TA"]
[PlyCount "67"]
[EventDate "2024.02.15"]
[EventType "team-tourn"]
[EventCountry "GER"]
[SourceTitle "playchess.com"]
[Source "ChessBase"]
[SourceQuality "1"]
[WhiteTeam "Austria"]
[BlackTeam "Czech Republic"]
[WhiteTeamCountry "AUT"]
[BlackTeamCountry "CZE"]
[TimeControl "40/5400+30:1800+30"]

1. e4 c5 2. Nf3 d6 3. d4 cxd4 4. Nxd4 Nf6 5. Nc3 e6 6. g4 h6 7. Rg1 Nc6 8. Be3 Be7 9. Qe2 Nxd4 10. Bxd4 e5 11. Be3 Be6 {[%emt 0:00:15] White is slightly better.} 12. O-O-O Qa5 13. h4 Nd7 14. Qb5 Qc7 15. g5 {[%emt 0:05:06] White is much more active.} hxg5 16. hxg5 g6 17. Nd5 Bxd5 18. Qxd5 Rc8 19. Qd2 (19. Bxa7 $2 Qxc2#) (19. c3 {simplifies} Qc6 20. Be2 Qxd5 21. exd5 Nb6 22. Rg4) 19... Kf8 20. Rg3 (20. Bxa7 $2 b6 21. Ba6 Ra8 $19) (20. Kb1 {simplifies} Nc5 21. Bd3 Nxd3 22. cxd3 Qd7 23. d4) 20... Kg7 (20... Nb6 $11 {keeps the balance.}) 21. Bh3 (21. Bxa7 $2 b6 22. Ba6 (22. Ra3 $2 Bxg5 23. Re3 Bxe3 $19) 22... Ra8 $19 (22... Qxa7 $2 23. Bxc8 Rxc8 24. Kb1 $19)) 21... Rh4 {[%emt 0:11:03] [#]} 22. f4 (22. Bxa7 $6 Ra8 23. Be3 Rxa2 $11) (22. Kb1 $1 $16) 22... exf4 $14 23. Bxf4 Rch8 $2 {[%emt 0:06:25][%mdl 8192] [#] This move loses the game for Black.} ({Black should try} 23... Rxf4 $14 24. Rc3 (24. Bxd7 Rf3 $11) 24... Qa5 25. Qd4+ (25. Rxc8 Qxd2+ 26. Kxd2 Nc5 $11) 25... Qe5 26. Qxe5+ (26. Rxc8 Bxg5 27. Qxe5+ dxe5 $15) 26... dxe5 27. Rxc8 Bxg5) 24. Bxd7 $1 $18 ({Worse is} 24. Bxd6 Bxd6 25. Qxd6 Qxd6 26. Rxd6 Nc5 $11 (26... Rxh3 $2 27. Rxh3 Rxh3 28. Rxd7 $18)) 24... Qxd7 25. Be5+ ({Less strong is} 25. Bxd6 Qe6 $16) 25... Kg8 26. Bxh8 Kxh8 27. e5 d5 28. Qxd5 Qf5 (28... Qxd5 29. Rxd5 Kg8) 29. Kb1 {[%emt 0:01:47] White is clearly winning.} Rh2 30. Qb3 {[%emt 0:04:55] Black must now prevent Rf3.} (30. Qxb7 $2 Qxc2+ 31. Ka1 Qxd1#) 30... Bxg5 31. Rf3 (31. Qxb7 $2 Qxc2+ 32. Ka1 Qxd1#) 31... Bf4 32. e6 (32. Qxb7 $2 Qxc2+ 33. Ka1 Qxd1#) 32... fxe6 33. Rd8+ (33. Qxb7 $2 {leads to mate.} Qxc2+ 34. Ka1 Qxd1#) 33... Kh7 34. Qxb7+ {[%emt 0:00:20] Weighted Error Value: White=0.10 (very precise) /Black=0.46.  Loses game:     	---       	Black=1      Mistake:       	White=1     	Black=2      Inaccurate:     	White=2     	---        OK:         	White=10    	Black=5      Best:        	White=1     	Black=2      Strong:       	White=1     	---} 1-0

[Event "Mitropa Cup Open 2024"]
[Site "Apolda"]
[Date "2024.02.18"]
[Round "4.12"]
[White "Nemec, Jachym"]
[Black "Dotzer, Lukas"]
[Result "1-0"]
[ECO "E46"]
[WhiteElo "2393"]
[BlackElo "2335"]
[Annotator "TA"]
[PlyCount "105"]
[EventDate "2024.02.15"]
[EventType "team-tourn"]
[EventCountry "GER"]
[SourceTitle "playchess.com"]
[Source "ChessBase"]
[SourceQuality "1"]
[WhiteTeam "Czech Republic"]
[BlackTeam "Austria"]
[WhiteTeamCountry "CZE"]
[BlackTeamCountry "AUT"]
[TimeControl "40/5400+30:1800+30"]

1. d4 Nf6 2. c4 e6 3. Nc3 Bb4 4. e3 O-O 5. Nge2 c6 6. a3 Ba5 7. b4 Bc7 8. Bb2 {[%emt 0:02:06] The position is equal.} d5 9. Ng3 e5 10. cxd5 exd4 11. Qxd4 cxd5 12. Rd1 Nc6 13. Qh4 Be5 14. Bd3 g6 15. b5 Na5 (15... Nd7 $14 16. Qxd8 Nxd8) 16. O-O $2 {[%emt 0:15:10] White is more active.} (16. f4 $16 Bc7 17. Nxd5 Nxd5 18. Qh6) 16... Ng4 $11 17. Qxd8 Rxd8 18. e4 dxe4 19. Bxe4 Be6 20. Rfe1 Bd4 21. Rxd4 Rxd4 22. Nce2 (22. h3 $15 Nc4 23. Ba1) 22... Rd7 $1 $17 23. h3 Nc4 24. Ba1 Nge5 ({Black should try} 24... Nh6 $1 $19 25. Bc2 Nxa3) 25. Nd4 Bd5 (25... Nxa3 26. Nxe6 Re8 27. Nc5 $11) (25... Rad8 $17 26. f4 Rxd4 27. Bxd4 Rxd4 28. fxe5 Nxa3 29. Bxb7 Rb4 (29... Nxb5 30. Ne4 $17)) 26. f4 $11 Re8 27. fxe5 Rxe5 28. Rc1 (28. Nf3 $14 Re8 29. Kf2) 28... Nb6 $132 {[%emt 0:02:38][%mdl 2048] Black is not holding back} 29. Bxd5 Rdxd5 30. Nge2 Rc5 {[%emt 0:00:47] aiming for ...Rxc1+.} 31. Rf1 Re3 {[%emt 0:00:46] Dodges Nb3} 32. Rd1 Nd5 33. Bb2 f5 34. Kf2 Re8 35. Rd3 Nf6 36. a4 Ne4+ 37. Kg1 Rd8 38. Re3 Rc4 39. g4 Rxa4 40. gxf5 gxf5 41. Nxf5 Rd1+ 42. Kg2 {[%emt 0:00:27] Hoping for Rf3.} Ra2 43. Rxe4 (43. Be5 {is more complex.} Re1 44. Nfd4 Nc3 45. Kf3) 43... Rxb2 44. Kf3 Rxb5 45. Ned4 Rb6 46. Kf4 Rf1+ 47. Ke5 Kf7 48. Nd6+ {[%emt 0:02:08][%mdl 1024] White has compensation. A dynamic duo of knights.} Kg6 $2 {[%emt 0:00:54] [#]} (48... Kf8 $1 $11) 49. Rg4+ $1 $18 Kh5 {[%emt 0:00:37] [#]} (49... Kh6 $18 50. N6f5+ Rxf5+ 51. Nxf5+ Kh5 52. Ng7+ Kh6) 50. Ne4 $1 $16 {[%emt 0:01:10] Ng3+ would kill now.} Re1 $2 (50... Kh6 $16) 51. Rg5+ {[%emt 0:00:22] White mates.} Kh4 52. Nf3+ Kxh3 53. Rg3# {[%emt 0:10:08] White used his chance.   Weighted Error Value: White=0.11 (very precise) /Black=0.34.  Loses game:     	---       	Black=2      Mistake:       	White=3     	Black=4      Inaccurate:     	White=2     	Black=4      OK:         	White=19    	Black=18     Best:        	White=4     	Black=1      Strong:       	White=1     	Black=1} 1-0

[Event "Mitropa Cup Open 2024"]
[Site "Apolda"]
[Date "2024.02.18"]
[Round "4.13"]
[White "Georgiadis, Nico"]
[Black "Subelj, Jan"]
[Result "1/2-1/2"]
[ECO "C60"]
[WhiteElo "2547"]
[BlackElo "2512"]
[Annotator "TA"]
[PlyCount "89"]
[EventDate "2024.02.15"]
[EventType "team-tourn"]
[EventCountry "GER"]
[SourceTitle "playchess.com"]
[Source "ChessBase"]
[SourceQuality "1"]
[WhiteTeam "Switzerland"]
[BlackTeam "Slovenia"]
[WhiteTeamCountry "SUI"]
[BlackTeamCountry "SLO"]
[TimeControl "40/5400+30:1800+30"]

1. e4 e5 2. Nf3 Nc6 3. Bb5 a6 4. Ba4 Nf6 5. O-O d6 6. c3 Bd7 7. Re1 g6 8. d4 Bg7 9. Nbd2 O-O 10. h3 exd4 11. cxd4 Nb4 12. Bxd7 Qxd7 {[%emt 0:00:11] White has an edge.} 13. e5 Nfd5 14. Ne4 Qc6 15. Re2 {[%emt 0:10:20] Dodges Nc2} Qb6 16. Bg5 h6 17. Bh4 Nf4 18. Rd2 Nbd5 19. Rc1 g5 20. Bg3 f5 (20... Rfe8 $11 {keeps the balance.}) 21. exf6 $16 Nxf6 22. Nxf6+ Rxf6 23. Bxf4 Rxf4 24. Re2 {[%emt 0:05:15] Prevents Re8} Rf7 {[%emt 0:01:57] Wards off Re7} 25. d5 Raf8 (25... Qb5 $14) 26. b3 Qb5 27. Rc4 Qd7 28. Qd3 {[%emt 0:00:49] White is more active.} Re7 29. Rxe7 Qxe7 {[%emt 0:00:05] Black is weak on the light squares} 30. a4 Qf7 31. h4 (31. Qc2 $14) 31... Qf5 32. Qxf5 Rxf5 33. hxg5 hxg5 34. Rxc7 $11 {[%emt 0:01:35][%mdl 4096] Endgame. KRB-KRN} g4 35. Nh4 Rxd5 {[%emt 0:00:07] The position is equal.} 36. Rxb7 {[%emt 0:02:44] With the idea Kf1.} Rd1+ 37. Kh2 Be5+ 38. g3 {[%emt 0:00:18] [#] Threatens to win with Nf5.} Rd2 39. Kg1 (39. Kg2 $5 Bd4 $8 40. Kh1 $11 (40. Rb8+ Kf7 $15)) 39... Bd4 40. Nf5 {[%emt 0:00:43][%cal Of5d4] Strongly threatening Nxd4!} Bxf2+ 41. Kf1 {[%emt 0:30:39] next b4 is good for White.} Bc5 {[%emt 0:32:16] [#] Hoping for ...Rf2+.} 42. Nh6+ Kf8 43. b4 Rf2+ 44. Ke1 Bd4 45. Nxg4 {[%emt 0:00:00] Weighted Error Value: White=0.10 (very precise) /Black=0.10 (very precise) .  Mistake:       	White=1     	Black=2      Inaccurate:     	White=2     	Black=1      OK:         	White=13    	Black=10     Best:        	White=3     	Black=5} 1/2-1/2

[Event "Mitropa Cup Open 2024"]
[Site "Apolda"]
[Date "2024.02.18"]
[Round "4.14"]
[White "Goroshkov, Maksym"]
[Black "Bogner, Sebastian"]
[Result "0-1"]
[ECO "B50"]
[WhiteElo "2338"]
[BlackElo "2538"]
[Annotator "RC"]
[PlyCount "62"]
[EventDate "2024.02.15"]
[EventType "team-tourn"]
[EventCountry "GER"]
[SourceTitle "playchess.com"]
[Source "ChessBase"]
[SourceQuality "1"]
[WhiteTeam "Slovenia"]
[BlackTeam "Switzerland"]
[WhiteTeamCountry "SLO"]
[BlackTeamCountry "SUI"]
[TimeControl "40/5400+30:1800+30"]

1. e4 c5 2. Nf3 d6 3. Nc3 Nf6 4. h3 Nc6 5. Be2 e5 6. d3 Be7 7. Be3 O-O 8. Qd2 d5 9. exd5 Nxd5 10. O-O b6 11. Nxd5 Qxd5 12. Nh2 Bb7 13. Bf3 Qd7 14. c3 f5 15. Qc2 Kh8 16. Rad1 Bd6 17. Rfe1 Qc7 18. Bxc6 Bxc6 19. Nf1 f4 20. Bc1 f3 21. g4 Qd8 22. Re4 Qh4 23. Kh2 c4 24. Rxc4 e4+ 25. Ng3 Bd7 26. Rxe4 Rf4 27. Rh1 Rxg4 28. Kg1 Rxg3+ 29. Kf1 Rg4 30. Bg5 Qh5 31. h4 Rxg5 0-1

[Event "Mitropa Cup Open 2024"]
[Site "Apolda"]
[Date "2024.02.18"]
[Round "4.15"]
[White "Baenziger, Fabian"]
[Black "Lavrencic, Matic"]
[Result "1/2-1/2"]
[ECO "D38"]
[WhiteElo "2414"]
[BlackElo "2299"]
[Annotator "RC"]
[PlyCount "99"]
[EventDate "2024.02.15"]
[EventType "team-tourn"]
[EventCountry "GER"]
[SourceTitle "playchess.com"]
[Source "ChessBase"]
[SourceQuality "1"]
[WhiteTeam "Switzerland"]
[BlackTeam "Slovenia"]
[WhiteTeamCountry "SUI"]
[BlackTeamCountry "SLO"]
[TimeControl "40/5400+30:1800+30"]

1. d4 Nf6 2. c4 e6 3. Nf3 d5 4. Nc3 Bb4 5. cxd5 exd5 6. Bg5 h6 7. Bh4 Bf5 8. e3 Nbd7 9. Qb3 Qe7 10. a3 Bxc3+ 11. Qxc3 c6 12. Nd2 O-O 13. Be2 Qe6 14. f3 Rfe8 15. Bf2 a5 16. a4 b6 17. O-O Rec8 18. Rfe1 b5 19. axb5 cxb5 20. Rxa5 Rab8 21. Qb4 Rc2 22. Rxb5 Rxb5 23. Bxb5 Qb6 24. e4 dxe4 25. fxe4 Bg6 26. Nc4 Qb8 27. Bg3 Qb7 28. Nd6 Qb6 29. e5 Nh5 30. Qa4 Nxg3 31. Bxd7 Ne2+ 32. Kh1 Qxd4 33. Qxd4 Nxd4 34. b4 Rb2 35. b5 Bd3 36. Be8 Nxb5 37. Bxf7+ Kf8 38. Bc4 Bxc4 39. Nxc4 Rb4 40. Nb6 Nc3 41. Nc8 Re4 42. Rf1+ Kg8 43. Ne7+ Kh7 44. Nc6 Rc4 45. Nd8 Re4 46. e6 Nd5 47. g3 Nc7 48. Rf7 Nxe6 49. Nxe6 Rxe6 50. Kg2 1/2-1/2

[Event "Mitropa Cup Open 2024"]
[Site "Apolda"]
[Date "2024.02.18"]
[Round "4.16"]
[White "Olenik Campa, Rudi"]
[Black "Fecker, Noah"]
[Result "1/2-1/2"]
[ECO "B30"]
[WhiteElo "2299"]
[BlackElo "2397"]
[Annotator "TA"]
[PlyCount "60"]
[EventDate "2024.02.15"]
[EventType "team-tourn"]
[EventCountry "GER"]
[SourceTitle "playchess.com"]
[Source "ChessBase"]
[SourceQuality "1"]
[WhiteTeam "Slovenia"]
[BlackTeam "Switzerland"]
[WhiteTeamCountry "SLO"]
[BlackTeamCountry "SUI"]
[TimeControl "40/5400+30:1800+30"]

1. e4 c5 2. Nf3 Nc6 3. Bb5 e6 4. O-O Nge7 5. Re1 Nd4 6. Bf1 Nec6 {[%emt 0:00:58] The position is equal.} 7. Nxd4 cxd4 8. c3 a6 9. Na3 Bc5 10. Nc2 O-O 11. d3 d5 12. cxd4 (12. Nxd4 $5 Nxd4 13. Be3 $11) 12... Nxd4 13. Be3 Nxc2 14. Bxc5 Nxe1 15. Bxf8 Qxf8 16. Qxe1 dxe4 17. dxe4 Bd7 18. b4 Ba4 19. Rb1 Rc8 20. b5 Bxb5 21. Bxb5 axb5 22. Rxb5 $11 {[%emt 0:00:16][%mdl 4096] Endgame. KQR-KQR} Qa3 {[%emt 0:01:14] [#] And now ...Rc1 would win.} 23. Rxb7 h6 24. Rb1 {[%emt 0:00:52] Repels Rc1} Qxa2 25. Rc1 Rxc1 26. Qxc1 e5 27. g3 Qe6 {[%emt 0:00:12] Dodges Qc8+} 28. Kg2 Kh7 29. Qc3 Kg8 30. h3 Kh7 {[%emt 0:00:04] Not much happened in this game.   Weighted Error Value: White=0.04 (flawless) /Black=0.02 (flawless) .  OK:         	White=10    	Black=10     Best:        	White=2     	---} 1/2-1/2